 Dungeon Crawl Stone Soup version 0.30.0-18-gc0e69614cb (webtiles) character file.

Game seed: 16891301278076004055

37 hawla the Firebug (level 3, -6/26 HPs)
             Began as a Meteoran Fire Elementalist on May 25, 2023.
             Mangled by a gnoll
             ... wielding a +0 halberd
              (12 damage)
             ... on level 4 of the Dungeon.
             The game lasted 00:03:54 (341 turns).

hawla the Firebug (Meteoran Fire Elementalist)       Turns: 341, Time: 00:03:55

Health: -6/26      AC:  2    Str:  9    XL:     3   Next: 85%
Magic:  5/8        EV: 12    Int: 19    God:
Gold:   30         SH:  0    Dex: 14    Spells: 5/8 levels left

rFire   . . .        g - +1 dagger (venom)
rCold   . . .        (no shield)
rNeg    . . .        a - +0 robe
rPois   .            (no helmet)
rElec   .            (no cloak)
rCorr   .            (no gloves)
SInv    .            (no boots)
Will    .....        (no amulet)
Stlth   +            (no ring)
HPRegen 0.24/turn    (no ring)
MPRegen 0.11/turn

%: no passive effects
@: very slightly contaminated, glowing
A: sense surroundings 1, otherworldly, glowing, explore regen
a: no special abilities


You were on level 4 of the Dungeon.
You visited 1 branch of the dungeon, and saw 4 of its levels.

You collected 30 gold pieces.

Inventory:

Hand Weapons
 g - a +1 dagger of venom (weapon)
Armour
 a - a +0 robe (worn)
Magical Staves
 j - a staff of death
Jewellery
 i - a +4 ring of protection
Scrolls
 c - a scroll of vulnerability {unknown}
 h - a scroll of magic mapping


   Skills:
 + Level 2.8 Dodging
 - Level 1.5 Stealth
 + Level 3.0 Spellcasting
 + Level 1.3 Conjurations
 + Level 4.7 Fire Magic


You had 5 spell levels left.
You knew the following spells:

 Your Spells              Type           Power      Damage    Failure   Level
a - Foxfire               Conj/Fire      56%        2x1d6     4%          1
b - Scorch                Fire           40%        2d7       3%          2

Your spell library contained the following spells:

 Spells                   Type           Power      Damage    Failure   Level
 Inner Flame              Hex/Fire       11%        N/A       17%         3
 Volatile Blastmotes      Fire/Tloc      22%        2d11      17%         3
 Flame Wave               Conj/Fire      14%        2d6       41%         4


Dungeon Overview and Level Annotations

Branches:
Dungeon (4/15) Zot: 2059
 Temple: D:4-7

Altars:
Xom

Shops:
D:2 !


Innate Abilities, Weirdness & Mutations

You passively map a small area around you.
You are easily found by Zot.
You glow in the dark.
You regain HP and MP as you explore.


Message History

The hobgoblin shouts!
You hear a shout!
Casting: Foxfire (safe; 4% risk of failure)
Confirm with . or Enter, or press ? or * to list all spells.
You don't know that spell.
Casting: Foxfire (safe; 4% risk of failure)
Confirm with . or Enter, or press ? or * to list all spells.
You conjure some foxfire!
The endoplasm hits you but does no damage.
The gnoll hits you from afar with a +0 spear!
Casting: Foxfire (safe; 4% risk of failure)
Confirm with . or Enter, or press ? or * to list all spells.
Flames lash the endoplasm.
You kill the endoplasm!
The kobold shouts!
The foxfire hits the hobgoblin.
The hobgoblin is heavily wounded.
The foxfire hits the hobgoblin.
The hobgoblin is almost dead.
The gnoll hits you from afar with a +0 spear!
* * * LOW HITPOINT WARNING * * *
Casting: Scorch (safe; 3% risk of failure)
Confirm with . or Enter, or press ? or * to list all spells.
You conjure some foxfire!
The gnoll barely misses you. Magic courses through your body.
The foxfire hits the hobgoblin.
You kill the hobgoblin!
The foxfire hits the gnoll.
The gnoll is lightly wounded.
The gnoll completely misses you.
Unknown command.
Casting: Foxfire (safe; 4% risk of failure)
Confirm with . or Enter, or press ? or * to list all spells.
You miscast Scorch.
You are very lightly contaminated with residual magic.
Nothing appears to happen.
The gnoll misses you. The gnoll barely misses you.
Unknown command.
Casting: Scorch (safe; 3% risk of failure)
Confirm with . or Enter, or press ? or * to list all spells.
You conjure some foxfire!
The gnoll hits you from afar with a +0 halberd!
You die...

######## .......### ,
.........* PPP.P..#.* *
.....P.#.# *
.P.....#.##### ,
.KP..........# ** * *
.P.K..!......########
.P...........Kg.@.g.# ,
PP............gvv...'...
,
....................#...
,
..###.>..###........'...
, , .# #..###
#........#... . ....#
#........#*## # #####
##+####### , *


You could see 3 gnolls and a kobold.

Vanquished Creatures
  An adder (D:4)
  A gnoll (D:4)
  An orc (D:4)
  4 endoplasms
  A goblin (D:2)
  A hobgoblin (D:4)
  2 jackals (D:4)
  2 ball pythons (D:1)
  A bat (D:1)
  3 kobolds
17 creatures vanquished.

Vanquished Creatures (others)
  33 foxfires
33 creatures vanquished.

Grand Total: 50 creatures vanquished

Notes
Turn   | Place    | Note
-------+----------+-------------------------------------------
     0 | D:1      | hawla the Meteoran Fire Elementalist began the quest for
                  | the Orb.
     0 | D:1      | Reached XP level 1. HP: 14/14 MP: 5/5
   112 | D:1      | You fall into a shaft and drop 1 floor!
   132 | D:2      | Reached XP level 2. HP: 20/20 MP: 4/6
   135 | D:2      | Learned a level 2 spell: Scorch
   194 | D:2      | Found Leji Dae's Distillery.
   214 | D:2      | Reached skill level 4 in Fire Magic
   232 | D:3      | Found a shimmering altar of Xom.
   240 | D:4      | Reached XP level 3. HP: 12/26 MP: 2/8
   322 | D:4      | Noticed an ogre
   341 | D:4      | Mangled by a gnoll

Illustrated notes

Levels and vault maps discovered:
D:1:      dpeg_arrival_orchard, layout_loops_ring,
          dreamdust_ecumenical_altar_grove, st_stairs_9
D:2:      layout_basic, serial_shops, shop, serial_park_tiny_pond
D:3:      layout_basic, general_overflow_altar
D:4:      layout_basic, slow_altar_2, minivault_4, nicolae_grassy_gnolls

Skill      XL: |  1  2  3 |
---------------+----------+-----
Fire Magic     | 4 |  4.7
Spellcasting   | 3 |  3.0
Dodging        | |  2.8
Stealth        | |  1.5
Conjurations   | |  1.3

Action                     || total
---------------------------++-------
  Melee: Unarmed           ||     1
         Dagger            ||     3
   Cast: Foxfire           ||    21
         Scorch            ||     5
    Use: Scroll            ||     7
         Potion            ||     1
 Armour: Robe              ||     3
  Dodge: Dodged            ||    11
